 Dungeon Crawl Stone Soup version 0.21.1-1-g345015f (webtiles) character file.

27 letownia2 the Charmwright (level 3, -1/31 HPs)
             Began as a Gnoll Skald on Feb 27, 2018.
             Slain by a wyvern (6 damage)
             ... on level 4 of the Dungeon.
             The game lasted 00:02:35 (421 turns).

letownia2 the Charmwright (Gnoll Skald)              Turns: 421, Time: 00:02:35

Health: -1/31      AC:  3    Str: 13    XL:     3   Next: 10%
Magic:  5/9        EV: 14    Int: 16    God:
Gold:   69         SH:  0    Dex: 14    Spells: 1/12 levels left

rFire    . . .     SeeInvis .   b - +0 short sword (venom)
rCold    . . .     Gourm    .   (no shield)
rNeg     . . .     Faith    .   o - +0 leather armour
rPois    .         Spirit   .   (no helmet)
rElec    .         Reflect  .   (no cloak)
rCorr    +         Harm     .   (no gloves)
MR       .....                  (no boots)
Stlth    +.........             (no amulet)
HPRegen  0.10/turn              m - ring of resist corrosion
MPRegen  0.11/turn              (no ring)

@: lethally poisoned (-1 -> -2)
A: distributed training, fangs 1, strong nose
a: no special abilities


You were on level 4 of the Dungeon.
You were not hungry.

You visited 1 branch of the dungeon, and saw 4 of its levels.

You collected 69 gold pieces.

Inventory:

Hand Weapons
 a - a +0 spear
 b - a +0 short sword of venom (weapon)
 l - a +0 hunting sling
Armour
 e - a +0 shield
 o - a +0 leather armour (worn)
Jewellery
 m - a ring of resist corrosion (left hand)
Scrolls
 f - a scroll of remove curse {unknown}
 g - a scroll of teleportation {unknown}
 i - a scroll of enchant weapon {unknown}
 k - a scroll of fear {unknown}
 n - a scroll of noise {unknown}
 q - a scroll of amnesia {unknown}
Potions
 h - a potion of degeneration {unknown}
 j - a potion of agility {unknown}
 p - a potion of berserk rage {unknown}
Books
 c - a book of Battle

   Spells                             Type                      Level
   a - Infusion                       Charms                       1
   b - Shroud of Golubria             Charms/Translocation         2
   c - Song of Slaying                Charms                       2
   d - Spectral Weapon                Hexes/Charms                 3
   e - Regeneration                   Charms/Necromancy            3
Comestibles
 d - 2 rations


   Skills:
 + Level 4.5 Fighting
 + Level 0.6 Short Blades
 + Level 0.6 Long Blades
 + Level 0.6 Axes
 + Level 0.6 Maces & Flails
 + Level 4.5 Polearms
 + Level 0.6 Staves
 + Level 0.6 Slings
 + Level 0.6 Bows
 + Level 0.6 Crossbows
 + Level 0.6 Throwing
 + Level 2.5 Armour
 + Level 4.5 Dodging
 + Level 0.6 Stealth
 + Level 0.6 Shields
 + Level 0.6 Unarmed Combat
 + Level 5.0 Spellcasting
 + Level 0.4 Conjurations
 + Level 0.4 Hexes
 + Level 5.4 Charms
 + Level 0.4 Summonings
 + Level 0.4 Necromancy
 + Level 0.4 Translocations
 + Level 0.4 Transmutations
 + Level 0.4 Fire Magic
 + Level 0.4 Ice Magic
 + Level 0.4 Air Magic
 + Level 0.4 Earth Magic
 + Level 0.4 Poison Magic
 + Level 0.8 Invocations
 + Level 0.6 Evocations


You had one spell level left.
You knew the following spells:

 Your Spells              Type           Power        Failure   Level  Hunger
a - Infusion              Chrm           ###.         1%          1    None
g - Regeneration          Chrm/Necr      ##........   17%         3    ###....
l - Song of Slaying       Chrm           ###.....     3%          2    #......
t - Shroud of Golubria    Chrm/Tloc      ##........   9%          2    #......
x - Spectral Weapon       Hex/Chrm       ##......     17%         3    ###....


Dungeon Overview and Level Annotations

Branches:
Dungeon (4/15)
 Temple: D:4-7

Altars:
Fedhas
Uskayaw


Innate Abilities, Weirdness & Mutations

Your experience applies equally to all skills.
You have very sharp teeth.
Your uncanny sense of smell can sniff out nearby items.


Message History

Your shroud begins to fray at the edges.
You feel sick.
Your shroud unravels.
You feel sick.
A wyvern comes into view.
The wyvern hisses angrily.
Casting: Shroud of Golubria
Confirm with . or Enter, or press ? or * to list all spells.
Space distorts slightly along a thin shroud covering your body.
You feel sick.
You hit the wyvern.
The wyvern is poisoned.
The wyvern is lightly wounded.
The wyvern bites you!
* * * LOW HITPOINT WARNING * * *
The wyvern bites you.
* * * LOW HITPOINT WARNING * * *
You hit the wyvern.
The wyvern looks as sick as possible!
The wyvern is moderately wounded.
The wyvern bites you.
You die...

#.#....'...........
#.#...[##.#########
#.#....##..##......
#.#....###.##.####.
#.###### .. #. #.#
#.# #. #.# .. #.
#.######## #.. #.
#.@l...... #.
########## #. ##


You could see a wyvern.

Vanquished Creatures
  An adder (D:2)
  A worm (D:2)
  An orc (D:4)
  3 bats
  A goblin (D:3)
  A hobgoblin (D:1)
  3 jackals (D:4)
  A frilled lizard (D:2)
  A kobold (D:2)
13 creatures vanquished.

Notes
Turn   | Place    | Note
-------+----------+-------------------------------------------
     0 | D:1      | letownia2 the Gnoll Skald began the quest for the Orb.
     0 | D:1      | Reached XP level 1. HP: 20/20 MP: 6/6
   132 | D:2      | Found a blossoming altar of Fedhas.
   133 | D:2      | Found a hide-covered altar of Uskayaw.
   184 | D:2      | Reached XP level 2. HP: 26/26 MP: 1/7
   188 | D:2      | Learned a level 2 spell: Song of Slaying
   191 | D:2      | Learned a level 2 spell: Shroud of Golubria
   351 | D:4      | Reached XP level 3. HP: 28/31 MP: 2/9
   374 | D:4      | Learned a level 3 spell: Regeneration
   378 | D:4      | Learned a level 3 spell: Spectral Weapon
   396 | D:4      | Reached skill level 5 in Spellcasting
   417 | D:4      | Noticed a wyvern
   421 | D:4      | Slain by a wyvern

Skill      XL: |  1  2  3 |
---------------+----------+-----
Spellcasting   | 5 |  5.0
Fighting       | |  4.5
Short Blades   | |  0.6
Long Blades    | |  0.6
Axes           | |  0.6
Maces & Flails | |  0.6
Polearms       | |  4.5
Staves         | |  0.6
Slings         | |  0.6
Bows           | |  0.6
Crossbows      | |  0.6
Throwing       | |  0.6
Armour         | |  2.5
Dodging        | |  4.5
Stealth        | |  0.6
Shields        | |  0.6
Unarmed Combat | |  0.6
Conjurations   | |  0.4
Hexes          | |  0.4
Charms         | |  5.4
Summonings     | |  0.4
Necromancy     | |  0.4
Translocations | |  0.4
Transmutations | |  0.4
Fire Magic     | |  0.4
Ice Magic      | |  0.4
Air Magic      | |  0.4
Earth Magic    | |  0.4
Poison Magic   | |  0.4
Invocations    | |  0.8
Evocations     | |  0.6

Action                   || total
-------------------------++-------
Melee: Spear             ||    43
       Bite              ||     3
       Short sword       ||     2
 Cast: Infusion          ||     2
       Shroud of Golubri ||     4
       Song of Slaying   ||     1
 Stab: Sleeping          ||     1
Armor: Leather armour    ||     2
Dodge: Dodged            ||    24
